 Dungeon Crawl Stone Soup version 0.29-a0-885-gb26ba3297d (webtiles) character file.

Game seed: 9459773084243506089

65 jimonade the Covert (level 3, 0/27 HPs)
             Began as a Vampire Brigand on July 21, 2022.
             Slain by a gnoll
             ... wielding a +0 halberd
              (1 damage)
             ... on level 2 of the Dungeon.
             The game lasted 00:02:38 (1171 turns).

jimonade the Covert (Vampire Brigand)               Turns: 1171, Time: 00:02:39

Health: 0/27       AC:  4    Str: 16    XL:     3   Next: 92%
Magic:  3/3        EV: 12    Int: 13    God:
Gold:   37         SH:  0    Dex: 17    Spells: 2/2 levels left

rFire   . . .      SeeInvis +   a - +2 dagger
rCold   . . .      Faith    .   (no shield)
rNeg    . . .      Spirit   .   b - +0 robe
rPois   .          Reflect  .   (no helmet)
rElec   .          Harm     .   n - +0 cloak
rCorr   .          Rampage  .   (no gloves)
Will    .....                   m - +0 pair of boots
Stlth   ++++......              (no amulet)
HPRegen 0.29/turn               l - +6 ring of strength
MPRegen 0.08/turn               (no ring)

@: healing quickly
A: alive, fangs 3, see invisible, vampiric 2
a: Exsanguinate


You were on level 2 of the Dungeon.
You visited 1 branch of the dungeon, and saw 2 of its levels.

You collected 37 gold pieces.

Inventory:

Hand Weapons
 a - a +2 dagger (weapon)
Missiles
 d - 9 poisoned darts (quivered)
 e - 3 curare-tipped darts
Armour
 b - a +0 robe (worn)
 h - a +0 plate armour
 m - a +0 pair of boots (worn)
 n - a +0 cloak (worn)
Jewellery
 l - a +6 ring of strength (left hand)
Scrolls
 f - a scroll of noise {unknown}
 i - a scroll of identify {unknown}
 j - a scroll of vulnerability {unknown}
Potions
 g - a potion of degeneration {unknown}
 k - a potion of curing {unknown}


   Skills:
 + Level 1.8 Fighting
 + Level 2.6 Short Blades
 - Level 1.5 Throwing
 + Level 1.3 Dodging
 * Level 8.0 Stealth


You had 2 spell levels left.
You didn't know any spells.
Your spell library was empty.

Dungeon Overview and Level Annotations

Branches:
Dungeon (2/15)

Altars:

Annotations:
D:2 Jessica


Innate Abilities, Weirdness & Mutations

Your natural rate of healing is accelerated.
You have razor-sharp teeth.
You have supernaturally acute eyesight. (SInv)
You are afflicted with vampirism and can become a bat while bloodless.


Message History

The gnoll hits you with a +0 club!
You barely miss the gnoll.
The gnoll is severely wounded.
You hit the gnoll.
The gnoll is lightly wounded.
You hit the gnoll but do no damage.
The gnoll is lightly wounded.
You hit the gnoll.
The gnoll is moderately wounded.
Jessica shouts, "You are a ghastly nuisance!"
The gnoll closely misses you.
The gnoll shouts!
You hit the gnoll.
The gnoll is moderately wounded.
The gnoll hits you with a +0 whip.
You hit the gnoll. You bite the gnoll, but do no damage.
The gnoll is heavily wounded.
The gnoll closely misses you.
You hit the gnoll. Your punch misses the gnoll. You bite the gnoll.
The gnoll is almost dead.
The gnoll closely misses you.
You hit the gnoll.
You kill the gnoll!
Jessica is no longer moving quickly.
You hit the gnoll. You bite the gnoll.
You kill the gnoll!
Your Stealth skill increases to level 8!
You hit the endoplasm.
The endoplasm is severely wounded.
You hit the endoplasm.
You kill the endoplasm!
Jessica hits you with a +4 club!
* * * LOW HITPOINT WARNING * * *
The gnoll completely misses you.
Things that are here:
a +0 club; a +0 whip; a frilled lizard corpse You closely miss Jessica.
Jessica hits you with a +4 club.
* * * LOW HITPOINT WARNING * * *
The gnoll hits you from afar with a +0 halberd.
You die...

... ....####... #.# #
#........ #.# ###.#
#######.... #.##....
.........##
##.######.#..####
#######.##
.<.g............. ##.#
..######..#.#### #..#
....)..†.......#########
#.##
########.#####g@@.†....##
#.# S. ####.#
#########..####.#
#.###....# ##..[##.#
#..#..##@# ###....##
##...#[g.# ##....#
.......###### #.##.#
.............. #.# .#
.)..J######... ... ##
.g#..# ##.#


You could see a gnoll and Jessica.

Vanquished Creatures
  2 gnolls (D:2)
  3 dart slugs
  4 ball pythons
  3 endoplasms
  A giant cockroach (D:1)
  A goblin (D:2)
  8 hobgoblins
  4 jackals (D:2)
  4 frilled lizards
  2 kobolds (D:1)
  4 rats (D:1)
36 creatures vanquished.

Notes
Turn   | Place    | Note
-------+----------+-------------------------------------------
     0 | D:1      | jimonade the Vampire Brigand began the quest for the Orb.
     0 | D:1      | Reached XP level 1. HP: 16/16 MP: 1/1
   159 | D:1      | Reached skill level 6 in Stealth
   428 | D:1      | Reached XP level 2. HP: 22/22 MP: 2/2
   722 | D:1      | Reached skill level 7 in Stealth
  1023 | D:2      | Gained mutation: You are afflicted with vampirism and can
                  | become a bat while bloodless. [Vampire growth]
  1023 | D:2      | Reached XP level 3. HP: 27/27 MP: 3/3
  1129 | D:2      | Noticed Jessica
  1168 | D:2      | Reached skill level 8 in Stealth
  1171 | D:2      | HP: 1/27 [Jessica/+4 club (5)]
  1171 | D:2      | Slain by a gnoll

Illustrated notes

Levels and vault maps discovered:
D:1:      dpeg_arrival_circle_labyrinth_c, layout_loops_ring, serial_glass,
          glass_columns_b, glass_columns_a
D:2:      layout_rooms, minmay_stone_trees_small, hex_tiny, uniq_jessica

Skill      XL: |  1  2  3 |
---------------+----------+-----
Stealth        | 6 7 8 |  8.0
Fighting       | |  1.8
Short Blades   | |  2.6
Throwing       | |  1.5
Dodging        | |  1.3

Action                   || total
-------------------------++-------
Melee: Dagger            ||    95
       Bite              ||     6
 Stab: Sleeping          ||    14
Armor: Robe              ||    13
Dodge: Dodged            ||    60

Table legend: (Time is in decaauts)
 A = Elapsed time spent in this place.
 B = Non-inter-level travel time spent in this place.
 C = Inter-level travel time spent in this place.
 D = Time resting spent in this place.
 E = Time spent auto-exploring this place.
 F = Levels seen in this place.
 G = Mean time per level.
                   A        B        C        D        E       F      G
               +--------+--------+--------+--------+--------+-----+--------+
         Total |   1159 |   1045 |    114 |      0 |    738 |   2 |  579.5 |
       Dungeon |   1159 |   1045 |    114 |      0 |    738 |   2 |  579.5 |
               +--------+--------+--------+--------+--------+-----+--------+

Top non-repeatable levels by time:
     D:1: 941 daAuts
     D:2: 217 daAuts
